 Dungeon Crawl Stone Soup version 0.20.0-10-g0535bb4 (webtiles) character file.

26051 ThreeInvisibleDucks the Gouger (level 12, -7/57 HPs)
             Began as a Felid Transmuter on June 6, 2017.
             Was a Follower of Uskayaw.
             Mangled by a battleaxe of flaming (8 damage)
             ... on level 1 of the Elven Halls.
             The game lasted 01:54:32 (23493 turns).

ThreeInvisibleDucks the Gouger (Felid Transmuter)  Turns: 23493, Time: 01:54:33

Health: -7/57      AC:  3    Str:  6    XL:     12   Next: 94%
Magic:  14/22      EV: 30    Int: 22    God:    Uskayaw [*.....]
Gold:   1622       SH:  0    Dex: 18    Spells: 4/19 levels left
                                        Lives:  0   Deaths: 4

rFire    . . .     SeeInvis +     - Unarmed
rCold    + . .     Gourm    .   (shield unavailable)
rNeg     . . .     Faith    .   (armour unavailable)
rPois    +         Spirit   .   (helmet unavailable)
rElec    .         Reflect  .   (cloak unavailable)
rCorr    .         Harm     .   (gloves unavailable)
MR       ++...                  (boots unavailable)
Stlth    +++++.....             R - amulet of regeneration
Regen    1.6/turn               g - ring of stealth
MPRegen  0.2/turn               q - ring of poison resistance

@: blade paws, regenerating (expiring), quick
A: no armour, no weapons or thrown items, stealth, claws 1, fangs 3, see
invisible, carnivore 3, clever 2, speed 1, high mp 1, magic resistance 1, shaggy
fur 3, slow metabolism 1
a: End Transformation, Stomp, Renounce Religion


You were on level 1 of the Elven Halls.
You worshipped Uskayaw.
Uskayaw was aware of your devotion.
You were completely stuffed.
You had blades for front paws.
You visited 5 branches of the dungeon, and saw 25 of its levels.

You collected 2167 gold pieces.
You spent 545 gold pieces at shops.

Inventory:

Missiles
 a - 103 arrows
Jewellery
 g - a ring of stealth (left scythe-like blade)
 q - a ring of poison resistance (right scythe-like blade)
 x - a +3 amulet of reflection {unknown}
 B - an uncursed ring of protection from cold
 R - an amulet of regeneration (around neck)
Wands
 c - a wand of confusion (10/48)
 m - a wand of flame (4/48)
 o - a wand of disintegration (11/24)
 v - a wand of random effects (13/48)
 A - a wand of digging (13/24)
 C - a wand of disintegration (9/24)
 D - a wand of digging (5/24)
 F - a wand of lightning (4/15)
 G - a wand of confusion (29/48)
 K - a wand of iceblast (8/15)
Scrolls
 i - 3 scrolls of fog
 j - a scroll of vulnerability
 l - 4 scrolls of amnesia
 r - 11 scrolls of remove curse
 t - a scroll of noise
 y - 2 scrolls of fear
 E - 5 scrolls of recharging
 I - a scroll of teleportation
 J - a scroll of holy word {unknown}
 M - 5 scrolls of identify
Potions
 h - 2 potions of brilliance
 k - 3 potions of cancellation
 n - a potion of mutation
 s - a potion of magic
 u - 3 potions of flight
 z - 2 potions of curing
 H - a potion of lignification
Books
 b - a book of Changes

   Spells                             Type                      Level
   a - Beastly Appendage              Transmutation                1
   b - Sticks to Snakes               Transmutation                2
   c - Spider Form                    Transmutation/Poison         3
   d - Ice Form                       Ice/Transmutation            4
   e - Blade Hands                    Transmutation                5
 p - a book of Power

   Spells                             Type                      Level
   a - Iskenderun's Battlesphere      Conjuration/Charms           5
   b - Venom Bolt                     Conjuration/Poison           5
   c - Bolt of Magma                  Conjuration/Fire/Earth       5
   d - Iron Shot                      Conjuration/Earth            6
   e - Orb of Destruction             Conjuration                  7
   f - Spellforged Servitor           Conjuration/Summoning        7
 w - a book of Necromancy

   Spells                             Type                      Level
   a - Pain                           Necromancy                   1
   b - Animate Skeleton               Necromancy                   1
   c - Vampiric Draining              Necromancy                   3
   d - Regeneration                   Charms/Necromancy            3
   e - Animate Dead                   Necromancy                   4
   f - Control Undead                 Necromancy                   4
Comestibles
 d - a chunk of flesh
 e - 7 meat rations
 f - 7 royal jellies


   Skills:
 + Level 9.5 Fighting
 - Level 13.0 Dodging
 + Level 12.0 Stealth
 - Level 14.0 Unarmed Combat
 - Level 4.0 Spellcasting
 - Level 3.4 Charms
 - Level 2.7 Necromancy
 - Level 7.8 Transmutations
 - Level 10.0 Invocations
 - Level 3.3 Evocations


You had 4 spell levels left.
You knew the following spells:

 Your Spells              Type           Power        Failure   Level  Hunger
e - Beastly Appendage     Tmut           #####.       11%         1    None
h - Blade Hands           Tmut           #####.....   50%         5    ######.
k - Sticks to Snakes      Tmut           #####...     13%         2    #......
n - Animate Skeleton      Necr           N/A          28%         1    None
p - Spider Form           Tmut/Pois      ###.......   38%         3    ###....
r - Regeneration          Chrm/Necr      ###.......   45%         3    ###....


Dungeon Overview and Level Annotations

Branches:
Dungeon (15/15)            Temple (1/1) D:7            Lair (6/6) D:10
  Swamp (0/4) Lair:2       Spider (0/4) Lair:2        Slime (0/5) Lair:5
    Orc (2/2) D:12            Elf (1/3) Orc:2        Vaults (0/5) D:14
 Depths: D:15

Altars:
Ashenzari
Cheibriados
Dithmenos
Elyvilon
Fedhas
Gozag
Hepliaklqana
Kikubaaqudgha
Makhleb
Nemelex Xobeh
Okawaru
Qazlal
Ru
Sif Muna
Trog
Uskayaw
Vehumet
Xom
Yredelemnul
Zin
The Shining One
Beogh

Shops:
Orc:2 [[?(

Annotations:
D:3 exclusions: orc priest and orc wizard
D:4 Gottschkopf's ghost, amateur NaVM
D:10 exclusion: upstairs
D:12 exclusions: adder, bullfrog, 4 centaurs, fire elemental, wight and 2 yaks
D:13 exclusions: 4 killer bees, 4 slime creatures and zombie
D:14 exclusions: acid dragon, bullfrog, wizard and wyvern
Lair:1 exclusion: 2 electric eels
Lair:2 exclusions: jumping spider, rime drake and 3 steam dragons
Lair:4 exclusions: basilisk, 3 electric eels, fire elemental and wyvern
Lair:5 exclusions: electric eel and 3 jellies
Lair:6 1 runed door, exclusions: 4 blink frogs, crocodile, hornet, 2 oklob plants, steam dragon and tyrant leech


Innate Abilities, Weirdness & Mutations

You cannot wear armour.
You are incapable of wielding weapons or throwing items.
Your paws allow you to move quietly. (Stealth)
You have sharp claws.
You have razor-sharp teeth.
You have supernaturally acute eyesight. (SInv)
You are carnivorous and can eat meat at any time.
You cover ground quickly.
Your thick and shaggy fur keeps you warm. (AC +3, rC+)
You have a slow metabolism.
((Your sharp claws are effective at attacking unaware monsters.))
Your mind is very acute. (Int +4)
You have an increased reservoir of magic. (+10% MP)
You are resistant to hostile enchantments. (MR+)


Message History

2 deep elf magi come into view.
A battleaxe of flaming comes into view.
The deep elf mage shouts!
The battleaxe of flaming completely misses you.
The deep elf mage shouts! x2
You hit the battleaxe of flaming.
The battleaxe of flaming is lightly damaged.
Your skin is crawling a little less now.
The battleaxe of flaming hits you! The battleaxe of flaming burns you!
You barely miss the battleaxe of flaming.
The battleaxe of flaming is lightly damaged.
The deep elf mage casts a spell at you. The bolt of lightning misses you.
The bolt of lightning hits the battleaxe of flaming.
The battleaxe of flaming completely resists.
The battleaxe of flaming hits you!!
Ouch! That really hurt!
* * * LOW HITPOINT WARNING * * *
The battleaxe of flaming burns you!
You die...

##..# .# .##
#....#.#....#
#....#.#....# #
#....#.#....#
#.#....#.#....##
#..........e....
#....e8.e.8.....
#....e..........
###...@#.#....#
#..(.#.# ..#
#....#.# #
#....#.#
##..##<# #.. ###
##. ##


You could see 4 deep elf magi and a battleaxe of flaming.

Vanquished Creatures
  Gastronok (D:9)
  2 ettins
  A hydra (Lair:6)
  The ghost of Timinator the Cleaver, a novice DDFi of Makhleb (D:8)
  A dancing weapon (D:14)
  4 two-headed ogres
  4 death yaks (Lair:6)
  5 orc high priests (Orc:2)
  An unseen horror (D:13)
  5 orc knights
  Pikel (D:8)
  A deep elf mage (D:11)
  2 cyclopes
  A centaur zombie (D:14)
  Maurice (D:11)
  3 black mambas
  2 torpor snails (Lair:6)
  A gargoyle (D:11)
  5 spiny frogs
  4 centaur skeletons
  2 rime drakes
  3 komodo dragons
  A queen bee (D:10)
  3 trolls
  2 hornets (Lair:6)
  Prince Ribbit (D:8)
  10 blink frogs
  7 hippogriffs
  4 slime creatures (D:11)
  3 shadows
  3 wyverns
  A wraith (D:11)
  6 basilisks
  29 yaks
  Grum (D:9)
  7 hungry ghosts
  2 swamp worms (Lair:2)
  14 water moccasins
  6 porcupines
  2 hell hounds (D:10)
  31 orc warriors
  3 sky beasts
  3 ice beasts
  3 phantoms
  6 necrophages
  11 wolves
  2 eyes of draining
  11 ogres
  2 centaurs
  9 crocodiles
  A big kobold (D:9)
  13 bullfrogs
  A gnoll sergeant (D:8)
  A wyvern zombie (D:8)
  4 scorpions
  36 killer bees
  A troll zombie (D:12)
  2 howler monkeys
  8 wights
  4 crimson imps
  2 bullfrog zombies
  4 jellies
  34 orc priests
  5 hounds
  2 bullfrog skeletons (D:7)
  15 orc wizards
  4 iguanas
  4 worker ants
  7 hell rats (Lair:6)
  A killer bee zombie (D:9)
  5 ogre zombies (D:12)
  A hound zombie (D:6)
  2 hound skeletons
  8 gnolls
  5 adders
  2 shadow imps
  An ooze (D:2)
  2 adder skeletons
  A dart slug (D:2)
  4 leopard geckos
  66 orcs
  7 bats
  5 giant cockroaches
  10 goblins
  4 hobgoblins
  11 jackals
  3 quokkas
  3 frilled lizards
  A goblin zombie (D:12)
  3 hobgoblin skeletons (D:12)
  3 hobgoblin zombies (D:12)
  11 kobolds
  An orc skeleton (D:12)
  11 orc zombies (D:12)
  A quokka skeleton (D:9)
  7 rats
561 creatures vanquished.

Vanquished Creatures (collateral kills)
  A torpor snail (Lair:1)
  2 spiny frogs
  A komodo dragon (Lair:1)
  5 blink frogs
  6 yaks
  2 water moccasins (Lair:1)
  A porcupine (Lair:1)
  A phantom (D:10)
  An ogre (Orc:1)
  2 wolves (Lair:3)
  A crocodile (Lair:1)
  A bullfrog (Lair:1)
  A killer bee (D:10)
  A hound (D:10)
  An orc wizard (Orc:1)
  2 worker ants (D:5)
  A shadow imp (D:5)
  An ooze (D:5)
  An adder zombie (D:9)
  4 orcs
  A hobgoblin (D:2)
  3 kobolds (D:1)
  A quokka (D:2)
  A bat (D:5)
  3 fungi
  2 plants
47 creatures vanquished.

Vanquished Creatures (others)
  2 slaves (D:8)
  4 orcs (D:8)
  14 fungi
  7 plants
27 creatures vanquished.

Grand Total: 635 creatures vanquished

Notes
Turn   | Place    | Note
-------+----------+-------------------------------------------
     0 | D:1      | ThreeInvisibleDucks the Felid Transmuter began the quest for the Orb.
     0 | D:1      | Reached XP level 1. HP: 9/9 MP: 4/4
   163 | D:1      | Reached skill level 1 in Stealth
   378 | D:1      | Reached XP level 2. HP: 11/12 MP: 3/6
   382 | D:1      | Learned a level 2 spell: Sticks to Snakes
  1807 | D:2      | Reached XP level 3. HP: 5/15 MP: 2/7
  2560 | D:2      | Reached skill level 4 in Unarmed Combat
  2904 | D:3      | Reached XP level 4. HP: 19/19 MP: 8/8
  3341 | D:3      | Reached XP level 5. HP: 18/22 MP: 9/9
  3636 | D:3      | Learned a level 3 spell: Spider Form
  3901 | D:4      | Noticed a phantom
  3918 | D:4      | Killed a phantom
  3918 | D:4      | Reached skill level 5 in Unarmed Combat
  4185 | D:4      | Noticed Gottschkopf's ghost (amateur NaVM)
  4573 | D:4      | Gained mutation: You are covered in thick fur. (AC +2) [Felid growth]
  4573 | D:4      | Reached XP level 6. HP: 15/25 MP: 4/10
  4690 | D:5      | Entered Level 5 of the Dungeon
  5023 | D:5      | Reached skill level 5 in Dodging
  5786 | D:6      | Noticed a sky beast
  5905 | D:6      | Killed a sky beast
  5905 | D:6      | Reached XP level 7. HP: 13/29 MP: 3/11
  6295 | D:6      | Reached skill level 6 in Unarmed Combat
  6566 | D:6      | Reached skill level 5 in Stealth
  6600 | D:6      | Slain by an orc warrior
  6601 | D:6      | Reached XP level 6. HP: -1/27 MP: 2/10
  6615 | D:6      | Killed an orc warrior
  6615 | D:6      | Reached XP level 7. HP: 30/30 MP: 5/11
  6878 | D:7      | Noticed a hungry ghost
  6893 | D:7      | Killed a hungry ghost
  6893 | D:7      | Reached skill level 7 in Unarmed Combat
  6954 | D:7      | Noticed a hippogriff
  7248 | D:7      | Killed a hippogriff
  7248 | D:7      | Reached XP level 8. HP: 30/34 MP: 2/12
  7651 | D:7      | Reached skill level 8 in Unarmed Combat
  7855 | D:7      | Found a staircase to the Ecumenical Temple.
  7861 | Temple   | Entered the Ecumenical Temple
  8002 | Temple   | Became a worshipper of Uskayaw the Reveler
  8161 | D:7      | Reached * piety under Uskayaw
  8201 | D:7      | Reached ** piety under Uskayaw
  8210 | D:7      | Reached *** piety under Uskayaw
  8638 | D:8      | Noticed Pikel
  8649 | D:8      | Killed Pikel
  8649 | D:8      | Reached XP level 9. HP: 38/39 MP: 13/13
  8763 | D:8      | Reached skill level 1 in Evocations
  8879 | D:8      | Noticed Prince Ribbit
  8886 | D:8      | Killed Prince Ribbit
  9030 | D:8      | Reached skill level 5 in Invocations
  9033 | D:8      | Learned a level 1 spell: Animate Skeleton
  9295 | D:8      | Noticed Timinator's ghost (novice DDFi)
  9305 | D:9      | Noticed Gastronok
  9305 | D:9      | Noticed a two-headed ogre
  9362 | D:9      | Noticed a troll
  9376 | D:10     | Entered Level 10 of the Dungeon
  9695 | D:10     | Gained mutation: Your mind is acute. (Int +2) [potion of mutation]
  9695 | D:10     | Gained mutation: Your mind is very acute. (Int +4) [potion of mutation]
  9695 | D:10     | Gained mutation: You are resistant to hostile enchantments. (MR+) [potion of mutation]
  9695 | D:10     | Gained mutation: You have an increased reservoir of magic. (+10% MP) [potion of mutation]
  9750 | D:10     | Noticed a two-headed ogre
  9758 | D:10     | Killed a two-headed ogre
  9758 | D:10     | Reached skill level 5 in Transmutations
  9761 | D:10     | Slain by a killer bee
  9762 | D:10     | Reached XP level 8. HP: -4/36 MP: 12/14
  9783 | D:10     | Found a staircase to the Lair.
  9809 | D:10     | Reached XP level 9. HP: 39/39 MP: 11/15
  9819 | Lair:1   | Entered Level 1 of the Lair of Beasts
  9879 | Lair:1   | Reached skill level 9 in Unarmed Combat
  9884 | Lair:1   | Noticed a komodo dragon
 10048 | Lair:1   | Noticed a komodo dragon
 10099 | Lair:1   | Killed a komodo dragon
 10118 | Lair:1   | Noticed a spiny frog
 10172 | Lair:1   | Reached skill level 10 in Unarmed Combat
 10172 | Lair:1   | Reached **** piety under Uskayaw
 10346 | Lair:1   | Killed a komodo dragon
 10346 | Lair:1   | Reached XP level 10. HP: 43/43 MP: 9/16
 10444 | Lair:1   | Killed a spiny frog
 10630 | Lair:1   | Reached skill level 10 in Stealth
 10659 | Lair:1   | Reached ***** piety under Uskayaw
 10675 | Lair:1   | Learned a level 3 spell: Regeneration
 10782 | Lair:1   | Reached skill level 1 in Charms
 10782 | Lair:1   | Reached skill level 1 in Necromancy
 10960 | Lair:1   | Noticed a torpor snail
 10986 | Lair:1   | Killed a torpor snail
 11120 | Lair:2   | Found a staircase to the Swamp.
 11172 | Lair:2   | You fall through a shaft for 2 floors!
 11379 | Lair:3   | Noticed a spiny frog
 11385 | Lair:2   | Found a hole to the Spider Nest.
 11400 | Lair:2   | Reached XP level 11. HP: 46/46 MP: 14/18
 11708 | D:10     | Reached skill level 5 in Fighting
 12021 | D:11     | Reached skill level 11 in Unarmed Combat
 12087 | D:11     | Noticed a deep elf mage
 12514 | D:11     | Noticed Maurice
 12545 | D:11     | Killed Maurice
 13011 | D:12     | Found a staircase to the Orcish Mines.
 13022 | D:12     | Learned a level 5 spell: Blade Hands
 13677 | D:13     | Noticed an unseen horror
 13693 | D:13     | Killed an unseen horror
 13893 | D:13     | Reached skill level 10 in Dodging
 14304 | D:14     | Noticed a wizard
 14358 | D:14     | Found a gate to the Vaults.
 14358 | D:14     | Noticed an enchanted long sword
 14358 | D:14     | Noticed an enchanted long sword
 14360 | D:14     | Killed an enchanted long sword
 14377 | D:14     | Noticed a rakshasa
 14383 | D:14     | Noticed a centaur warrior
 14677 | D:15     | Entered Level 15 of the Dungeon
 14677 | D:15     | Noticed a centaur warrior
 14885 | Orc:1    | Entered Level 1 of the Orcish Mines
 15068 | Orc:1    | Noticed an ettin
 15095 | Orc:1    | Killed an ettin
 15095 | Orc:1    | Gained mutation: Your thick and shaggy fur keeps you warm. (AC +3, rC+) [Felid growth]
 15095 | Orc:1    | Reached XP level 12. HP: 26/54 MP: 20/20
 15126 | Orc:1    | Killed from afar by an orc priest
 15127 | Orc:1    | Reached XP level 11. HP: -2/50 MP: 14/19
 15154 | Orc:1    | Noticed an orc knight
 15300 | D:11     | Killed a deep elf mage
 16394 | D:9      | Noticed Grum
 16433 | D:9      | Reached ****** piety under Uskayaw
 16474 | D:9      | Killed Grum
 16602 | D:9      | Killed a two-headed ogre
 16995 | D:8      | Killed Timinator's ghost
 17248 | D:9      | Killed Gastronok
 17248 | D:9      | Reached skill level 12 in Unarmed Combat
 17248 | D:9      | Reached XP level 12. HP: 56/56 MP: 8/20
 17283 | D:9      | Noticed a two-headed ogre
 17290 | D:9      | Killed a two-headed ogre
 18124 | Lair:3   | Reached skill level 13 in Unarmed Combat
 19226 | Lair:5   | Found a hide-covered altar of Uskayaw.
 19368 | Lair:5   | Found a staircase to the Slime Pits.
 19692 | Lair:6   | Entered Level 6 of the Lair of Beasts
 19745 | Lair:6   | Noticed a five-headed hydra
 19751 | Lair:6   | Killed a five-headed hydra
 19759 | Lair:6   | Noticed a death yak
 19796 | Lair:6   | Noticed a death yak
 19870 | Lair:6   | Killed a death yak
 19944 | Lair:6   | Noticed a death yak
 19952 | Lair:6   | Killed a death yak
 19960 | Lair:6   | Noticed a death yak
 20209 | Lair:6   | Reached XP level 13. HP: 51/59 MP: 8/22
 20657 | Lair:6   | Found a runed door.
 20722 | Lair:6   | HP: 2/59 [lindwurm/blast of flame (24)]
 21116 | Orc:1    | Found a roughly hewn altar of Beogh.
 21389 | Orc:1    | Found a roughly hewn altar of Beogh.
 21683 | Orc:2    | Entered Level 2 of the Orcish Mines
 21687 | Orc:2    | Noticed an ettin
 21709 | Orc:2    | Killed an ettin
 21709 | Orc:2    | Reached skill level 14 in Unarmed Combat
 21709 | Orc:2    | Reached skill level 10 in Invocations
 21806 | Orc:2    | Found a staircase to the Elven Halls.
 21897 | Orc:2    | Found a roughly hewn altar of Beogh.
 23278 | Orc:2    | Found Ruchi's Antique Armour Shoppe.
 23288 | Orc:2    | Slain by a sun demon
 23289 | Orc:2    | Reached XP level 12. HP: 0/57 MP: 19/22
 23339 | Orc:2    | Killed an orc high priest
 23344 | Orc:2    | Killed an orc high priest
 23356 | Orc:2    | Found Aczenn's Antique Weapon Shoppe.
 23357 | Orc:2    | Found Uzoonn's Armour Shoppe.
 23357 | Orc:2    | Found Deuxke's Magic Scroll Emporium.
 23370 | Orc:2    | Bought a scroll of remove curse for 30 gold pieces
 23370 | Orc:2    | Bought a scroll of vulnerability for 75 gold pieces
 23370 | Orc:2    | Bought a scroll of amnesia for 35 gold pieces
 23370 | Orc:2    | Bought a scroll of noise for 10 gold pieces
 23370 | Orc:2    | Bought a scroll of identify for 20 gold pieces
 23370 | Orc:2    | Bought a scroll of identify for 20 gold pieces
 23370 | Orc:2    | Bought a scroll of teleportation for 30 gold pieces
 23370 | Orc:2    | Bought a scroll of fog for 20 gold pieces
 23370 | Orc:2    | Bought a scroll of identify for 20 gold pieces
 23370 | Orc:2    | Bought 3 scrolls of recharging for 285 gold pieces
 23485 | Elf:1    | Entered Level 1 of the Elven Halls
 23493 | Elf:1    | HP: 1/57 [battleaxe of flaming (35)]
 23493 | Elf:1    | Mangled by a battleaxe of flaming

Skill      XL: |  1  2  3  4  5  6  7  8  9 10 11 12 13 |
---------------+----------------------------------------+-----
Stealth        | 2 3 4 6 7 9 10 12 11 | 12.0
Unarmed Combat | 4 5 7 8 10 12 13 14 | 14.0
Dodging        | 4 5 6 7 8 11 12 13 | 13.0
Transmutations | 3 5 7 |  7.8
Fighting       | 3 4 8 9 |  9.5
Invocations    | 4 5 7 9 10 | 10.0
Evocations     | 3 |  3.3
Charms         | 3 |  3.4
Necromancy     | 2 |  2.7
Spellcasting   | 3 4 |  4.0

Action                   |  1- 3 |  4- 6 |  7- 9 | 10-12 | 13-15 || total
-------------------------+-------+-------+-------+-------+-------++-------
Melee: Unarmed           |   110 |   118 |   260 |   862 |   380 ||  1730
       Headbutt          |    11 |     2 |       |     8 |       ||    21
       Bite              |     5 |     2 |     9 |    54 |    34 ||   104
       Punch             |     1 |     1 |     1 |    38 |    19 ||    60
 Cast: Beastly Appendage |    29 |     5 |     4 |     2 |       ||    40
       Sticks to Snakes  |     8 |    12 |    29 |    45 |     3 ||    97
       Spider Form       |       |     9 |    34 |    27 |       ||    70
       Animate Skeleton  |       |       |     4 |    86 |    31 ||   121
       Regeneration      |       |       |       |    39 |    15 ||    54
       Blade Hands       |       |       |       |    68 |    37 ||   105
Invok: Line Pass         |       |       |     1 |       |       ||     1
       Stomp             |       |       |       |     1 |       ||     1
 Abil: End Transformatio |       |       |     3 |    53 |    19 ||    75
Evoke: Wand              |       |       |     2 |    19 |     4 ||    25
  Use: Scroll            |     8 |     3 |     5 |    18 |     2 ||    36
       Potion            |     1 |     3 |     7 |     5 |     2 ||    18
 Stab: Sleeping          |    11 |     8 |    13 |    44 |    11 ||    87
       Distracted        |     2 |     2 |     2 |     5 |     2 ||    13
       Paralysed         |       |       |     8 |    23 |    26 ||    57
       Confused          |       |       |       |     9 |     1 ||    10
  Eat: Chunk             |    12 |     8 |    29 |    72 |    22 ||   143
Armor: Skin              |    12 |    25 |     9 |    20 |     3 ||    69
Dodge: Dodged            |    68 |    67 |   317 |   690 |   268 ||  1410
